 Dungeon Crawl Stone Soup version 0.20-a0-1116-gaa52201 (webtiles) character file.

3980 Wendigo the Nimble (level 10, -16/59 (60) HPs)
             Began as a Deep Elf Conjurer on May 6, 2017.
             Was a Follower of Vehumet.
             Hit by a large rock thrown by a cyclops (18 damage)
             ... on level 8 of the Dungeon on May 8, 2017.
             The game lasted 00:29:28 (10481 turns).

Wendigo the Nimble (Deep Elf Conjurer)             Turns: 10481, Time: 00:29:28

HP:   -16/59 (60)   AC:  4    Str:  5    XL:     10   Next: 2%
MP:   2/21          EV: 19    Int: 24    God:    Vehumet [*.....]
Gold: 134           SH:  0    Dex: 18    Spells: 7/21 levels left

rFire    . . .     SeeInvis .   m - +3 whip (elec)
rCold    . . .     Gourm    .   (no shield)
rNeg     . . .     Faith    .   j - +0 robe of the Okapi {rElec Dex+3} (curse)
rPois    .         Spirit   .   (no helmet)
rElec    +         Reflect  .   B - +0 cloak (curse)
rCorr    .         Harm     .   x - +0 pair of gloves
MR       +....                  (no boots)
Stlth    ++........             (no amulet)
Regen    0.2/turn               u - ring of flight
MPRegen  0.2/turn               (no ring)

@: no status effects
A: no striking features
a: Renounce Religion, Evoke Flight


You were on level 8 of the Dungeon.
You worshipped Vehumet.
Vehumet was aware of your devotion.
You were not hungry.

You visited 1 branch of the dungeon, and saw 8 of its levels.

You collected 525 gold pieces.
You spent 391 gold pieces at shops.

Inventory:

Hand Weapons
 e - a +0 short sword
 m - a +3 whip of electrocution (weapon)
Armour
 a - a +0 robe
 j - the cursed +0 robe of the Okapi (worn) {rElec Dex+3}
   (You bought it in a shop on level 8 of the Dungeon)

   It affects your dexterity (+3).
   It insulates you from electricity.
   It has a curse placed upon it.
 x - a +0 pair of gloves (worn)
 B - a cursed +0 cloak (worn)
Jewellery
 u - a ring of flight (left hand)
 E - an uncursed amulet of guardian spirit {unknown}
 F - a cursed ring of see invisible {unknown}
Wands
 o - a wand of polymorph (11/24)
 w - a wand of polymorph (8/24)
 y - a wand of polymorph (6/24)
 I - a wand of flame (22/48)
 J - a wand of lightning (9/15)
 L - a wand of lightning (5/15)
Scrolls
 d - 3 scrolls of teleportation
 i - 4 scrolls of identify
 q - a scroll of amnesia
 v - 3 scrolls of fog
 C - 2 scrolls of magic mapping
 D - a scroll of noise {unknown}
 H - a scroll of enchant armour {unknown}
 M - a scroll of remove curse
Potions
 f - a potion of curing
 g - 3 potions of agility
 h - 2 potions of brilliance
 l - a potion of cancellation
 n - 4 potions of haste
 t - a potion of invisibility
 z - a potion of resistance
Books
 b - a book of Conjurations

   Spells                             Type                      Level
   a - Magic Dart                     Conjuration                  1
   b - Searing Ray                    Conjuration                  2
   c - Dazzling Spray                 Conjuration/Hexes            3
   d - Fulminant Prism                Conjuration/Hexes            4
   e - Force Lance                    Conjuration/Translocation    4
   f - Iskenderun's Mystic Blast      Conjuration                  4
 r - a book of Changes

   Spells                             Type                      Level
   a - Beastly Appendage              Transmutation                1
   b - Sticks to Snakes               Transmutation                2
   c - Spider Form                    Transmutation/Poison         3
   d - Ice Form                       Ice/Transmutation            4
   e - Blade Hands                    Transmutation                5
 A - a book of Misfortune

   Spells                             Type                      Level
   a - Confusing Touch                Hexes                        1
   b - Confuse                        Hexes                        3
   c - Gell's Gravitas                Translocation                3
   d - Petrify                        Transmutation/Earth          4
   e - Metabolic Englaciation         Hexes/Ice                    5
   f - Yara's Violent Unravelling     Hexes/Transmutation          5
 G - a book of Frost

   Spells                             Type                      Level
   a - Freeze                         Ice                          1
   b - Throw Frost                    Conjuration/Ice              2
   c - Ozocubu's Armour               Charms/Ice                   3
   d - Throw Icicle                   Conjuration/Ice              4
   e - Summon Ice Beast               Ice/Summoning                4
Comestibles
 c - 9 bread rations
 k - 5 meat rations
 p - 5 fruits
 s - 5 royal jellies


   Skills:
 + Level 6.2 Fighting
 + Level 9.2 Dodging
 - Level 2.4 Stealth
 - Level 6.0 Spellcasting
 - Level 7.7 Conjurations
 - Level 7.2 Hexes
 - Level 4.0 Translocations


You had 7 spell levels left.
You knew the following spells:

 Your Spells              Type           Power        Failure   Level  Hunger
a - Magic Dart            Conj           ####         1%          1    None
b - Searing Ray           Conj           #####.       1%          2    None
c - Fulminant Prism       Conj/Hex       #####.....   3%          4    ###....
d - Force Lance           Conj/Tloc      #####...     7%          4    ###....
e - Gell's Gravitas       Tloc           ####......   4%          3    #......


Dungeon Overview and Level Annotations

Branches:
Dungeon (8/15)             Temple (0/1) D:7
   Lair: D:8-11

Altars:
Ashenzari
Qazlal
Vehumet
Zin

Shops:
D:4 ?   D:5 *   D:8 [

Annotations:
D:7 exclusion: 2 downstairs
D:8 Joseph


Message History

Confirm with . or Enter, or press ? or * to list all spells.
Aiming: Fulminant Prism
Press: ? - help, Dir - move target cursor You conjure a prism of explosive energy!
Something unseen opens the door.
Your fulminant prism explodes!
Your fulminant prism crackles loudly.
Your fulminant prism explodes!
The blast of energy engulfs you!
Ouch! That really hurt!
* * * LOW HITPOINT WARNING * * *
The blast of energy engulfs the cyclops.
The cyclops is heavily wounded.
You hear a croak.
You hear a shout!
You hear two shouts!
All of the chunks of flesh in your inventory have rotted away.
The cyclops throws a large rock.
The large rock barely misses you.
As you read the scroll of fog, it crumbles to dust.
The scroll dissolves into smoke.
The cyclops throws a large rock.
The large rock hits you!!
You die...

##############
#...##<....#.#
#§§§####.....# ..
#.§§# #...#.##.#
#.§@####......#.#
#§§§§..#......#.# ##
#..§...#......#.# #.
###....#......#.# #.
#....#...C..#'###.
###...(C...#.#....#.
#......###.#.'....##
#...#'## #.#.#....#
#...#.# #.###....##


You could see a cyclops.

Vanquished Creatures
  Pikel (D:5)
  4 hogs (D:7)
  A human (D:7)
  An orc warrior (D:6)
  2 sky beasts
  A phantom (D:8)
  4 slaves
  An ice beast (D:6)
  A necrophage (D:7)
  4 ogres
  2 centaurs (D:8)
  8 bullfrogs
  5 wights (D:7)
  2 howler monkeys
  2 crimson imps
  A bullfrog zombie (D:8)
  2 hounds (D:6)
  A bullfrog skeleton (D:4)
  A jelly (D:7)
  3 orc priests
  3 centaur skeletons
  Crazy Yiuf (D:5)
  Terence (D:3)
  2 orc wizards
  6 worker ants
  An iguana (D:8)
  A hound skeleton (D:4)
  A howler monkey skeleton (D:4)
  4 gnolls
  10 adders
  A shadow imp (D:7)
  3 oozes
  An adder zombie (D:5)
  An adder skeleton (D:5)
  2 worms (D:2)
  6 dart slugs
  6 leopard geckos
  35 orcs
  3 ball pythons
  11 bats
  6 giant cockroaches
  8 goblins
  10 hobgoblins
  5 jackals
  5 quokkas
  4 frilled lizards
  A jackal skeleton (D:8)
  10 kobolds
  A leopard gecko zombie (D:5)
  8 rats
204 creatures vanquished.

Vanquished Creatures (others)
  40 fulminant prisms
40 creatures vanquished.

Grand Total: 244 creatures vanquished

Notes
Turn   | Place    | Note
-------+----------+-------------------------------------------
     0 | D:1      | Wendigo the Deep Elf Conjurer began the quest for the Orb.
     0 | D:1      | Reached XP level 1. HP: 10/10 MP: 6/6
    84 | D:1      | Reached XP level 2. HP: 15/15 MP: 6/8
   111 | D:1      | Learned a level 2 spell: Searing Ray
   616 | D:1      | Reached skill level 5 in Conjurations
   627 | D:1      | Reached XP level 3. HP: 19/19 MP: 0/10
  1541 | D:2      | Reached XP level 4. HP: 24/24 MP: 10/12
  1591 | D:2      | Learned a level 4 spell: Fulminant Prism
  1596 | D:2      | Learned a level 4 spell: Force Lance
  1999 | D:2      | Reached skill level 1 in Hexes
  2096 | D:2      | Reached skill level 1 in Translocations
  2601 | D:3      | Reached skill level 5 in Spellcasting
  2601 | D:3      | Reached XP level 5. HP: 25/28 MP: 4/14
  3067 | D:3      | Noticed Terence
  3082 | D:3      | Killed Terence
  3347 | D:4      | Found Zutal's Magic Scroll Shop.
  3358 | D:4      | Reached XP level 6. HP: 29/32 MP: 5/16
  3391 | D:4      | Bought a scroll of identify for 26 gold pieces
  3391 | D:4      | Bought a scroll of identify for 26 gold pieces
  3391 | D:4      | Bought a scroll of magic mapping for 45 gold pieces
  3391 | D:4      | Bought a scroll of identify for 26 gold pieces
  3391 | D:4      | Bought a scroll of identify for 26 gold pieces
  3391 | D:4      | Bought a scroll of fog for 26 gold pieces
  3485 | D:4      | Found a shattered altar of Ashenzari.
  4395 | D:4      | Reached XP level 7. HP: 25/36 MP: 9/18
  4887 | D:4      | Learned a level 3 spell: Gell's Gravitas
  4897 | D:5      | Entered Level 5 of the Dungeon
  5063 | D:5      | Found a runed door.
  5219 | D:4      | Reached skill level 5 in Hexes
  5644 | D:5      | Found Mwyd's Merry Market.
  5978 | D:5      | Noticed Pikel
  6000 | D:5      | Killed Pikel
  6000 | D:5      | Reached XP level 8. HP: 16/41 MP: 1/19
  6231 | D:5      | Noticed Crazy Yiuf
  6235 | D:5      | Killed Crazy Yiuf
  6434 | D:6      | Reached skill level 1 in Fighting
  6590 | D:6      | Reached skill level 3 in Dodging
  7051 | D:6      | Found a glowing silver altar of Zin.
  7128 | D:6      | Found a radiant altar of Vehumet.
  7147 | D:6      | Reached skill level 4 in Dodging
  7315 | D:6      | Became a worshipper of Vehumet
  7434 | D:6      | Reached skill level 5 in Dodging
  7988 | D:6      | Upgraded the game from 0.20-a0-1114-g33edf32 to 0.20-a0-1116-gaa52201
  8216 | D:7      | Found a staircase to the Ecumenical Temple.
  8278 | D:7      | Reached XP level 9. HP: 51/51 MP: 11/20
  8285 | D:7      | Reached skill level 6 in Dodging
  8722 | D:7      | Reached skill level 7 in Dodging
  8727 | D:7      | Reached skill level 5 in Fighting
  8727 | D:7      | Reached skill level 8 in Dodging
  8983 | D:7      | Reached * piety under Vehumet
  8983 | D:7      | Offered knowledge of Sting by Vehumet.
  9649 | D:8      | Noticed a two-headed ogre
  9835 | D:8      | Found a stormy altar of Qazlal.
  9877 | D:8      | Noticed Joseph
 10077 | D:8      | Found Juseb's Armour Shop.
 10080 | D:8      | Bought the cursed +0 robe of the Okapi {rElec Dex+3} for 216 gold pieces
 10196 | D:8      | Noticed a cyclops
 10249 | D:8      | Reached skill level 9 in Dodging
 10468 | D:8      | Reached XP level 10. HP: 59/59 MP: 8/21
 10479 | D:8      | HP: 2/59 [fulminant prism[the player character] (30)]
 10481 | D:8      | Hit by a large rock thrown by a cyclops

Vault maps used:
D:1:      dpeg_arrival_houses_and_road, minmay_pentomino_z2
D:2:      serial_bayou_pond_d, minmay_joined_circles
D:3:      hex_large, uniq_terence
D:4:      serial_shops, shop_coins, st_stairs_4, evilmike_ruin_ashenzari
D:5:      first_bread, nicolae_alphabet_shops, uniq_pikel,
          uniq_crazy_yiuf_cottage
D:6:      kennysheep_little_box, vehumet_altar_wand_db
D:7:      minmay_temple_entry_glass, grunt_livestock
D:8:      serial_shops, nicolae_shop_stone, nicolae_qazlal_style_of_elements,
          uniq_joseph, uniq_maurice

Skill      XL: |  1  2  3  4  5  6  7  8  9 |
---------------+----------------------------+-----
Conjurations   | 5 7 |  7.7
Spellcasting   | 4 5 6 |  6.0
Hexes          | 2 3 4 7 |  7.2
Translocations | 1 3 4 |  4.0
Fighting       | 3 6 |  6.2
Dodging        | 5 9 |  9.2
Stealth        | |  2.4

Action                   |  1- 3 |  4- 6 |  7- 9 | 10-12 || total
-------------------------+-------+-------+-------+-------++-------
Melee: Short sword       |     3 |       |       |       ||     3
       Whip              |       |    19 |    14 |       ||    33
 Cast: Magic Dart        |    75 |    99 |   118 |     1 ||   293
       Searing Ray       |     2 |    14 |    52 |       ||    68
       Fulminant Prism   |       |     8 |    30 |     2 ||    40
       Force Lance       |       |     1 |     2 |       ||     3
       Gell's Gravitas   |       |       |     2 |       ||     2
  Use: Scroll            |       |    18 |       |     1 ||    19
       Potion            |       |       |     2 |       ||     2
 Stab: Sleeping          |       |       |     1 |       ||     1
  Eat: Chunk             |     2 |    10 |    22 |       ||    34
Armor: Robe              |     2 |     8 |    15 |       ||    25
Dodge: Dodged            |     7 |    31 |    70 |     1 ||   109
